 Dungeon Crawl Stone Soup version 0.21.0-3-g78d12a8bdd (webtiles) character file.

113 NullDivider the Charlatan (level 4, -1/23 HPs)
             Began as a Spriggan Artificer on Jan 12, 2018.
             Slain by Terence
             ... wielding a +0 hand axe
              (8 damage)
             ... on level 3 of the Dungeon.
             The game lasted 00:08:11 (2834 turns).

NullDivider the Charlatan (Spriggan Artificer)      Turns: 2834, Time: 00:08:12

Health: -1/23      AC:  7    Str:  8    XL:     4   Next: 65%
Magic:  8/8        EV: 19    Int: 12    God:
Gold:   107        SH:  0    Dex: 17    Spells: 3/3 levels left

rFire    . . .     SeeInvis +   a - +0 short sword
rCold    . . .     Gourm    .   (shield restricted)
rNeg     . . .     Faith    .   b - +0 robe
rPois    .         Spirit   .   (helmet restricted)
rElec    .         Reflect  .   s - +0 cloak
rCorr    .         Harm     .   (gloves unavailable)
MR       .....                  (boots unavailable)
Stlth    +++.......             (no amulet)
HPRegen  0.07/turn              j - +4 ring of protection
MPRegen  0.11/turn              (no ring)

@: very quick
A: very small, unfitting armour, see invisible, herbivore, speed 3, slow
metabolism 2
a: no special abilities


You were on level 3 of the Dungeon.
You were not hungry.

You visited 1 branch of the dungeon, and saw 3 of its levels.

You collected 107 gold pieces.

Inventory:

Hand Weapons
 a - a +0 short sword (weapon)
Armour
 b - a +0 robe (worn)
 s - a +0 cloak (worn)
Jewellery
 j - a +4 ring of protection (left hand)
 q - an uncursed ring of fire
Wands
 c - a wand of flame (47)
 d - a wand of enslavement (14)
 e - a wand of random effects (38)
Scrolls
 g - a scroll of identify {unknown}
 l - 7 scrolls of teleportation {unknown}
 m - a scroll of blinking {unknown}
 n - 2 scrolls of remove curse {unknown}
 o - a scroll of fog {unknown}
 p - a scroll of enchant armour {unknown}
 r - a scroll of noise {unknown}
Potions
 h - 2 potions of resistance {unknown}
 i - 2 potions of curing
 k - a potion of haste {unknown}
Comestibles
 f - 2 rations


   Skills:
 * Level 2.2 Fighting
 + Level 2.2 Short Blades
 + Level 3.7 Dodging
 * Level 3.5 Stealth
 + Level 4.5 Evocations


You had 3 spell levels left.
You didn't know any spells.

Dungeon Overview and Level Annotations

Branches:
Dungeon (3/15)

Altars:

Annotations:
D:3 Terence


Innate Abilities, Weirdness & Mutations

You are very small and have problems with some larger weapons.
You are too small for most types of armour.
You have supernaturally acute eyesight. (SInv)
You are a herbivore.
You cover ground extremely quickly.
You need consume almost no food.


Message History

Terence is heavily wounded.
The frilled lizard bites you but does no damage.
Terence barely misses you.
You hit Terence.
Terence is severely wounded.
The frilled lizard barely misses you. Terence closely misses you.
You hit Terence.
Terence is almost dead.
The frilled lizard misses you. Terence closely misses you.
You hit Terence.
Terence is almost dead.
The frilled lizard closely misses you. Terence hits you but does no damage.
You hit Terence but do no damage.
Terence is almost dead.
The frilled lizard closely misses you. Terence misses you.
You closely miss Terence.
Terence is almost dead.
The frilled lizard bites you but does no damage.
Terence hits you with a hand axe!
You die...

.....#####...
....#%?%#..#
...#)($#..#
###+#..#%?(#...
#......#####...
#..............
#..............
#.....l@@..# ...
####.......# ###..
##?###.## ..#.. #?##
.# ####.#.. #..##+##
#....#.. ##.#...# #
#....#..
#.....####.#....#..
#.....#.....<..)..)
##.....#...########†


You could see Terence and a frilled lizard.

Vanquished Creatures
  Crazy Yiuf (D:2)
  Jessica (D:2)
  An ooze (D:1)
  2 dart slugs (D:1)
  A leopard gecko (D:1)
  3 bats
  3 giant cockroaches
  9 goblins
  8 hobgoblins
  4 jackals (D:1)
  A quokka (D:3)
  3 frilled lizards
  2 kobolds
  7 rats
46 creatures vanquished.

Notes
Turn   | Place    | Note
-------+----------+-------------------------------------------
     0 | D:1      | NullDivider the Spriggan Artificer began the quest for the Orb.
     0 | D:1      | Reached XP level 1. HP: 9/9 MP: 4/4
    90 | D:1      | Reached skill level 1 in Fighting
   109 | D:1      | Reached XP level 2. HP: 8/14 MP: 6/6
  1103 | D:1      | Reached XP level 3. HP: 18/18 MP: 7/7
  1504 | D:2      | Noticed Jessica
  1506 | D:2      | Killed Jessica
  1721 | D:2      | Reached XP level 4. HP: 23/23 MP: 8/8
  1816 | D:2      | Found a runed door.
  2175 | D:2      | Noticed Crazy Yiuf
  2193 | D:2      | Killed Crazy Yiuf
  2808 | D:3      | Noticed Terence
  2834 | D:3      | Slain by Terence

Skill      XL: |  1  2  3  4 |
---------------+-------------+-----
Fighting       | 1 2 |  2.2
Stealth        | 2 3 |  3.5
Short Blades   | 2 |  2.2
Dodging        | |  3.7
Evocations     | |  4.5

Action                   |  1- 3 |  4- 6 || total
-------------------------+-------+-------++-------
Melee: Short sword       |   125 |   110 ||   235
Evoke: Wand              |       |     4 ||     4
 Stab: Sleeping          |     7 |     2 ||     9
       Betrayed ally     |       |     1 ||     1
Armor: Robe              |    15 |    13 ||    28
Dodge: Dodged            |    94 |    97 ||   191
